Dusk, neutral female human Wizard ----- --- ---- --.|.-- ---.---..-- |.....| ----- |.........| |.....-- ---...| |.........|----....[.| ---.....---- ---..--.---.|....[)..| |..........| ---- |-.----|....^........ --- |...---....---- --..| |...| |.......-.....- --.-- ----- |.......| |...---...-----.|....[.....-- |...| ---.......| |............)..|.|.))....... --..----------.......--| --.........---....|.))......... |.....................| ---.......| |..--|..---)......* |....----------....--.--- |.......------ ---- |.....@... |....| --....|...| |........| ----|....q...- --...| --..--.-.--- --.%....-- |..----......| |..-- --........-------- |......-- |....--...... ---- |...............|---..%...| ---*........ ----........--..|.--.....-- |.....--- --.......||..........-- |..|..| |..|..------.-------- ------- ------- --- Dusk the Conjurer Experience level: 5 Strength: 12 Dexterity: 12 Constitution: 13 Intelligence: 18 Wisdom: 10 Charisma: 12 Health: 0(39) Energy: 26(40) Def: 1 Gold: 268 Moves: 1631 Dungeon seed: qupoCFP-TNkiT2ky Game ID: Dusk_1465793921 Your Inventory: Coins $ - 268 gold pieces Weapons a - a blessed +2 quarterstaff (weapon in hands) Armor e - an uncursed +0 cloak of magic resistance (being worn) n - an uncursed -1 pair of levitation boots Comestibles z - an uncursed slime mold B - an uncursed food ration C - an uncursed partly eaten rock piercer corpse Scrolls j - an uncursed scroll of confuse monster k - 2 uncursed scrolls of magic mapping q - a cursed scroll of identify u - an uncursed scroll of identify Potions f - an uncursed potion of restore ability g - an uncursed potion of monster detection h - an uncursed potion of blindness Rings c - an uncursed +2 ring of protection d - an uncursed ring of polymorph Wands b - a wand of polymorph (0:5) y - a wand of striking (0:7) Tools w - an uncursed partly used wax candle (lit) (0:25) A - an uncursed tallow candle (0:200) D - an uncursed blindfold Spells and supernatural/magical abilities: Name Level Category Fail Memory a - force bolt 1 attack 0% 92% H - haste self 3 escape 85% 92% W - pray for help -- divine ? -- Your skills at the end: Fighting Skills wands [Basic] Weapon Skills quarterstaff [Basic] Spellcasting Skills attack spells [Basic] enchantment spells [Basic] Final Attributes: You were piously aligned. You were magic-protected. You are dead. Vanquished creatures: a gnome king 2 rock piercers 2 gnome lords 2 dwarves a homunculus a rothe an orc zombie 2 dwarf zombies a wererat a hobbit a hobgoblin 2 cave spiders a green mold 8 gnomes 2 geckos 3 jackals a fox a kobold 4 goblins 2 grid bugs a bat 4 lichens 2 newts 46 creatures vanquished. Voluntary challenges: You used a wielded weapon 45 times, starting on turn 109. You read items or engraved 5 times, starting on turn 1. You never genocided any monsters. You never polymorphed an object. You never changed form. You used no wishes. You never split a pudding. You never wrote Elbereth's name. You never violated your personal moral code. Dungeon overview: The Dungeons of Doom: levels 1 to 3 Level 1 a long staircase Level 2 a general store, a sink Level 3 a fountain stairs to The Gnomish Mines The Gnomish Mines: Level 4 <- You were here stairs to The Dungeons of Doom History has recorded: On T:1 you entered the Dungeons of Doom to retrieve the Amulet of Yendor! On T:211 you reached level 2 of The Dungeons of Doom. On T:428 you advanced to experience level 2. On T:660 you advanced to experience level 3. On T:734 you reached level 3 of The Dungeons of Doom. On T:1101 you advanced to experience level 4. On T:1240 you reached level 1 of The Gnomish Mines. On T:1270 you advanced to experience level 5. Score breakdown: Gold: 268 ( 8265 points) Experience: 5 levels (11141 points) Exploration: 4 levels ( 8.00%) ( 7423 points) Discoveries: 2 items ( 0.69%) ( 2491 points) Valuables value: (no points given unless you survive) Artifact value: 0 ( 0 points) Variety of kills: 23 monsters ( 6.01%) ( 7351 points) Turncount: 1631 turns ( 0 points) Survival: died (score multiplied by 80%) Total score: 29336 Latest messages: You are beginning to feel hungry. You hit the rock piercer. You hit the rock piercer! You miss the rock piercer. (2x) You hit the rock piercer. The fox bites! (2x) You kill the rock piercer! The fox bites! The force bolt misses the fox. The fox bites! The force bolt hits the fox! The fox is killed! The force bolt hits it. The force bolt misses the rothe. The force bolt hits it. The rothe hits! The rothe bites! (2x) You die... For some reason, you think that you can almost hear the Wizard laugh manically... Final status: Goodbye Dusk the Wizard, killed by a rothe... You died in The Gnomish Mines on dungeon level 4 with 29336 points, and 268 pieces of gold, after 1631 moves. You were level 5 with a maximum of 39 hit points when you died.